AoeStats
← Cloud Surfer

Arabia

507201078Analyzed
1v1 RM · 14d ago on Sep 17, 2026· 47m 35s· 2 players
Game mode
Random Map
Map size
Tiny (2 player)
Population
200
Speed
Normal
Resources
Standard
Victory
Conquest
Starting age
Dark Age
Ending age
Imperial Age
RankedLock teamsTeams togetherTeam positionsShared explorationLock speedFull tech treeHidden civsTurbo modeCheats
Victory
Defeat
🇺🇸 Gurjaras · United States
735
+15
🇹🇼 Britons · Taiwan
708
-35
Wenbb
2:35 Loom
10:28 Feudal Age
11:23 Double-Bit Axe
17:58 Fletching
28:39 Castle Age
27:11 Padded Archer Armor
27:06 Horse Collar
27:20 Gold Mining
28:47 Crossbowman
30:38 Bow Saw
33:11 Yeomen
33:43 Wheelbarrow
34:59 Bodkin Arrow
37:15 Leather Archer Armor
37:15 Heavy Plow
37:36 Town Watch
38:42 Ballistics
39:02 Hand Cart
39:57 Town Patrol
39:50 Treadmill Crane
41:03 Husbandry
41:56 Gold Shaft Mining
41:16 Stone Mining
41:45 Pikeman
42:26 Squires
42:11 Arson
43:06 Masonry
47:20 Imperial Age
Cloud Surfer
10:48 Feudal Age
12:14 Wheelbarrow
11:27 Double-Bit Axe
14:35 Bloodlines
16:22 Scale Barding Armor
17:51 Horse Collar
25:11 Castle Age
24:17 Gold Mining
24:25 Stone Mining
25:18 Forging
25:29 Loom
25:31 Town Watch
28:06 Bow Saw
30:32 Chain Barding Armor
32:46 Heavy Plow
34:07 Ballistics
35:54 Murder Holes
36:19 Masonry
36:16 Murder Holes
39:43 Imperial Age
38:18 Gold Shaft Mining
39:42 Hand Cart
39:28 Town Patrol
42:47 Chemistry
41:41 Fletching
42:27 Iron Casting
42:28 Plate Barding Armor
42:32 Iron Casting
41:27 Elite Skirmisher
46:39 Kshatriyas
Connection lost

Rejoining the realm…

Still unreachable

The connection could not be restored.

Session expired

The server has moved on; the page needs a fresh start.